 Dungeon Sprint DCSS version 0.29-a0-885-gb26ba3297d (webtiles) character file.

Game seed: 2582526624350331081

312 mhtbhm the Trooper (level 6, -10/44 HPs)
             Began as a Gargoyle Fighter on July 21, 2022.
             Was an Initiate of Okawaru.
             Mangled by a two-headed ogre
             ... wielding a +0 dire flail
              (21 damage)
             ... in the Dungeon (Sprint IX: "|||||||||||||||||||||||||||||").
             The game lasted 00:02:37 (305 turns).

mhtbhm the Trooper (Gargoyle Fighter)                Turns: 305, Time: 00:02:39

Health: -10/44     AC: 18    Str: 22    XL:     6   Next: 42%
Magic:  5/7        EV:  8    Int:  8    God:    Okawaru [......]
Gold:   0          SH:  5    Dex:  9    Spells: 5/5 levels left

rFire   . . .      SeeInvis .   a - +0 flail
rCold   . . .      Faith    .   c - +0 buckler
rNeg    + . .      Spirit   .   b - +1 chain mail
rPois   ∞          Reflect  .   (no helmet)
rElec   +          Harm     .   m - +0 cloak
rCorr   .          Rampage  .   n - +0 pair of gloves
Will    .....      NoTele   +   (no boots)
Stlth   ..........              (no amulet)
HPRegen 0.14/turn               p - +2 ring of protection
MPRegen 0.10/turn               o - +2 ring of protection

@: mighty, corroded, hasted, invisible, very quick
A: sickness immunity, AC +4, negative energy resistance 1, electricity
resistance, torment resistance 1, petrification resistance
a: Renounce Religion


You were in the Dungeon.
You worshipped Okawaru.
Okawaru was noncommittal.
You visited 1 branch

Inventory:

Hand Weapons
 a - a +0 flail (weapon)
Armour
 b - a +1 chain mail (worn)
 c - a +0 buckler (worn)
 m - a +0 cloak (worn)
 n - a +0 pair of gloves (worn)
Jewellery
 o - a +2 ring of protection (right hand)
 p - a +2 ring of protection (left hand)
Wands
 l - a wand of roots (8)
Scrolls
 j - 2 scrolls of blinking
 k - 2 scrolls of amnesia
Potions
 e - 5 potions of curing
 h - 4 potions of magic


   Skills:
 + Level 7.9 Fighting
 + Level 7.4 Maces & Flails
 + Level 7.7 Armour
 + Level 0.3 Dodging
 + Level 0.9 Stealth
 + Level 6.7 Shields
 * Level 2.4 Invocations


You had 5 spell levels left.
You didn't know any spells.
Your spell library was empty.

Dungeon Overview and Level Annotations

Branches:
Dungeon (1/1)

Altars:
Cheibriados
Dithmenos
Elyvilon
Fedhas
Gozag
Hepliaklqana
Kikubaaqudgha
Makhleb
Nemelex Xobeh
Okawaru
Qazlal
Ru
Sif Muna
Trog
Uskayaw
Vehumet
Wu Jian
Xom
Yredelemnul
Zin
The Shining One
Jiyva
Lugonu


Innate Abilities, Weirdness & Mutations

You are immune to sickness and miasma.
Your stone body is resilient. (AC +4)
You are immune to poison.
You resist negative energy. (rN+)
You are resistant to electric shocks. (rElec)
You are resistant to unholy torment.
You are immune to petrification.


Message History

Aiming: Fastroot
Press: ? - help, Shift-Dir - straight line, f - two-headed ogre
Aim: a two-headed ogre, wielding a +0 dire flail and a +0 giant club (unable to see you)
The roots erupt in riotous growth!
Roots grab the two-headed ogre. x2
The grasping roots constrict the two-headed ogre.
The grasping roots constrict the two-headed ogre!
The two-headed ogre closely misses you. The two-headed ogre barely misses you.
The grasping roots constrict the two-headed ogre. x2
The roots release their grip on the two-headed ogre.
You feel yourself speed up.
The grasping roots constrict the two-headed ogre.
The roots release their grip on the two-headed ogre.
The two-headed ogre hits you but does no damage.
The two-headed ogre barely misses you.
Unknown command.
Aiming: Fastroot
Press: ? - help, Shift-Dir - straight line, f/p - two-headed ogre
Aim: a two-headed ogre, wielding a +0 dire flail and a +0 giant club (lightly wounded, unable to see you)
The roots erupt in riotous growth!
Roots grab the two-headed ogre. x2
The grasping roots constrict the two-headed ogre. x2
Unknown command.
Unknown command.
The grasping roots constrict the two-headed ogre. x2
The two-headed ogre hits you with a +0 dire flail!
The two-headed ogre hits you but does no damage.
You sock the two-headed ogre!
The two-headed ogre is heavily wounded.
The grasping roots constrict the two-headed ogre!
The grasping roots constrict the two-headed ogre.
The roots release their grip on the two-headed ogre.
You sock the two-headed ogre!
The two-headed ogre is almost dead.
The grasping roots constrict the two-headed ogre.
The roots release their grip on the two-headed ogre.
The two-headed ogre hits you with a +0 dire flail.
* * * LOW HITPOINT WARNING * * *
The two-headed ogre hits you with a +0 giant club!!
You die...

▓'▓
▓.▓
▓.▓
▓)▓
▓.▓
▓.▓
▓[▓
▓.▓
▓@▓
▓O▓
▓O▓
▓D▓
▓h▓
▓c▓
▓.▓
▓.▓
▓.▓


You could see 2 two-headed ogres, an acid dragon (unable to see you), a centaur
(unable to see you) and a howler monkey (unable to see you).

Vanquished Creatures
  A water moccasin (D)
  An acid dragon (D)
  A howler monkey (D)
  A jelly (D)
  An adder (D)
  A gnoll (D)
  2 endoplasms (D)
  A goblin (D)
  A jackal (D)
  A rat (D)
11 creatures vanquished.

Notes
Turn   | Place    | Note
-------+----------+-------------------------------------------
     0 | D        | mhtbhm the Gargoyle Fighter began the quest for the Orb.
     0 | D        | Reached XP level 1. HP: 14/14 MP: 1/1
    18 | D        | Noticed a howler monkey
    18 | D        | Noticed a jelly
    18 | D        | Noticed a water moccasin
    22 | D        | Reached XP level 2. HP: 20/20 MP: 2/2
    33 | D        | Killed a howler monkey
    34 | D        | Reached skill level 5 in Fighting
    34 | D        | Reached skill level 5 in Armour
    34 | D        | Reached skill level 5 in Shields
    34 | D        | Reached XP level 3. HP: 26/26 MP: 3/3
    39 | D        | Reached XP level 4. HP: 32/32 MP: 4/4
    48 | D        | Killed a water moccasin
    49 | D        | Reached XP level 5. HP: 17/38 MP: 5/5
   209 | D        | Found a snail-covered altar of Cheibriados.
   209 | D        | Found a shadowy altar of Dithmenos.
   209 | D        | Found a white marble altar of Elyvilon.
   209 | D        | Found a blossoming altar of Fedhas.
   209 | D        | Found an opulent altar of Gozag.
   210 | D        | Found a hazy altar of Hepliaklqana.
   211 | D        | Found a viscous altar of Jiyva.
   212 | D        | Found an ancient bone altar of Kikubaaqudgha.
   213 | D        | Found a corrupted altar of Lugonu.
   214 | D        | Found a burning altar of Makhleb.
   215 | D        | Found a sparkling altar of Nemelex Xobeh.
   216 | D        | Found an iron altar of Okawaru.
   217 | D        | Found a stormy altar of Qazlal.
   218 | D        | Found a sacrificial altar of Ru.
   219 | D        | Found a shimmering blue altar of Sif Muna.
   220 | D        | Found a bloodstained altar of Trog.
   221 | D        | Found a hide-covered altar of Uskayaw.
   222 | D        | Found a radiant altar of Vehumet.
   223 | D        | Found an ornate altar of the Wu Jian Council.
   224 | D        | Found a shimmering altar of Xom.
   226 | D        | Became a worshipper of Warmaster Okawaru
   228 | D        | Found a basalt altar of Yredelemnul.
   229 | D        | Found a glowing silver altar of Zin.
   230 | D        | Found a glowing golden altar of the Shining One.
   287 | D        | Noticed an acid dragon
   287 | D        | Noticed a two-headed ogre
   287 | D        | Noticed a two-headed ogre
   287 | D        | Noticed an acid dragon
   287 | D        | Noticed a centaur
   297 | D        | Killed an acid dragon
   298 | D        | Reached XP level 6. HP: 23/44 MP: 5/7
   305 | D        | Mangled by a two-headed ogre

Illustrated notes

Levels and vault maps discovered:
D:        linesprint [early_d, line_temple, items_1, d_10, items_2, lair_1,
          lair_end, items_3, orc_1, orc_end, items_4, d_15, swamp_1, shoals_1,
          snake_1, spider_1, d_20, vaults_1, items_5, swamp_end, shoals_end,
          snake_end, spider_end, vaults_end, d_27, items_6, zot_1, zot_end,
          crypt_end, forest_end, elf_end, slime_end, tomb_end, abyss_end,
          pan_hell_end]

Skill      XL: |  1  2  3  4  5 |
---------------+----------------+-----
Fighting       | 4 5 7 |  7.9
Armour         | 4 5 7 |  7.7
Shields        | 4 5 6 |  6.7
Maces & Flails | 4 6 7 |  7.4
Invocations    | 2 |  2.4
Dodging        | |  0.3
Stealth        | |  0.9

Action                   |  1- 3 |  4- 6 || total
-------------------------+-------+-------++-------
Melee: Flail             |    25 |    17 ||    42
Evoke: Wand              |       |     2 ||     2
  Use: Potion            |     2 |     5 ||     7
 Stab: Invisible         |       |     1 ||     1
Armor: Scale mail        |     9 |     5 ||    14
       Chain mail        |       |     6 ||     6
Dodge: Dodged            |     9 |    11 ||    20
Block: Buckler           |     4 |     2 ||     6

Table legend: (Time is in decaauts)
 A = Elapsed time spent in this place.
 B = Non-inter-level travel time spent in this place.
 C = Inter-level travel time spent in this place.
 D = Time resting spent in this place.
 E = Time spent auto-exploring this place.
 F = Levels seen in this place.
 G = Mean time per level.
                   A        B        C        D        E       F      G
               +--------+--------+--------+--------+--------+-----+--------+
         Total |    320 |    320 |      0 |      0 |    194 |   1 |  320.0 |
       Dungeon |    320 |    320 |      0 |      0 |    194 |   1 |  320.0 |
               +--------+--------+--------+--------+--------+-----+--------+

Top non-repeatable levels by time:
       D: 320 daAuts
